 Dungeon Crawl Stone Soup version 0.26-a0-652-gafc20e3620 (webtiles) character file.

Game seed: 8595198745025264460

191 DogServant the Chopper (level 5, -3/47 HPs)
             Began as a Hill Orc Monk on Oct 2, 2020.
             Slain by an orc
             ... wielding a +0 dagger of electrocution
              (11 damage)
             ... on level 3 of the Dungeon.
             The game lasted 00:03:25 (2918 turns).

DogServant the Chopper (Hill Orc Monk)              Turns: 2918, Time: 00:03:26

Health: -3/47      AC: 10    Str: 15    XL:     5   Next: 70%
Magic:  5/5        EV:  7    Int: 10    God:
Gold:   138        SH:  0    Dex: 13    Spells: 4/4 levels left

rFire    . . .     SeeInvis .   a - +0 hand axe
rCold    . . .     Faith    .   (no shield)
rNeg     . . .     Spirit   .   o - +0 chain mail
rPois    .         Reflect  .   (no helmet)
rElec    .         Harm     .   p - scarf {+Inv}
rCorr    .         Rampage  .   i - +0 pair of gloves
MR       .....                  (no boots)
Stlth    ..........             (no amulet)
HPRegen  0.15/turn              (no ring)
MPRegen  0.09/turn              (no ring)

@: mighty
A: no striking features
a: Evoke Invisibility


You were on level 3 of the Dungeon.
You visited 1 branch of the dungeon, and saw 3 of its levels.

You collected 138 gold pieces.

Inventory:

Hand Weapons
 a - a +0 hand axe (weapon)
Missiles
 d - 2 javelins (quivered)
 j - 17 poisoned darts
Armour
 b - a +0 robe
 i - a +0 pair of gloves (worn)
 o - a +0 chain mail (worn)
 p - a scarf of invisibility (worn)
Wands
 e - a wand of flame (14)
Scrolls
 k - 2 scrolls of remove curse
 l - 2 scrolls of teleportation
 n - 3 scrolls of magic mapping {unknown}
 q - a scroll of noise {unknown}
 r - 3 scrolls of identify
Potions
 c - a potion of magic
 g - a potion of haste {unknown}
 h - a potion of invisibility {unknown}
 m - a potion of brilliance {unknown}


   Skills:
 - Level 4.3 Fighting
 + Level 6.4 Axes
 + Level 3.1 Armour
 - Level 2.5 Dodging
 - Level 1.5 Stealth


You had 4 spell levels left.
You didn't know any spells.
Your spell library contained the following spells:

 Spells                   Type           Power        Failure   Level
 Confusing Touch          Hex            #.......     100%        3
 Gell's Gravitas          Tloc           #.........   100%        3
 Petrify                  Tmut/Erth      #.......     100%        4
 Metabolic Englaciation   Hex/Ice        #.........   100%        5
 Yara's Violent Unravell  Hex/Tmut       #.........   100%        5


Dungeon Overview and Level Annotations

Branches:
Dungeon (3/15)

Altars:
Kikubaaqudgha

Annotations:
D:3 Grinder


Message History

The orc wizard is moderately wounded.
You completely miss the orc.
The orc wizard mumbles some strange words.
The orc wizard seems to speed up.
Drop what? 18/52 slots (_ for help) (? for menu, Esc to quit)
Okay, then.
You feel very mighty all of a sudden. The orc wizard closely misses you.
The orc wizard hits you but does no damage. x2
You barely miss the orc wizard. You completely miss the orc wizard.
The orc wizard looks encouraged for a moment.
You slash the orc!
You kill the orc!
You hit the orc wizard.
The orc wizard hits you but does no damage. x2
Your chain mail prevents you from hitting the orc.
The orc is moderately wounded.
You barely miss the orc wizard. You closely miss the orc wizard.
The orc hits you but does no damage.
You are electrocuted!
You die...

##################
#................#
#.##############.#
...# #.# ..## #†#
.## #†# .# #.# .#
#.# .# #######@##
.# ......ooo# .#
.######..# .. #..#
## #..# #.?# #.#
#..# #.# #..# #.#
# #..#


You could see 2 orc wizards and an orc.

Vanquished Creatures
  Robin (D:3)
  9 adders
  2 oozes
  4 worms (D:3)
  3 dart slugs
  An orc (D:3)
  7 bats
  3 giant cockroaches
  14 goblins
  8 hobgoblins
  4 jackals (D:3)
  A quokka (D:3)
  3 frilled lizards
  9 kobolds
  6 rats
75 creatures vanquished.

Vanquished Creatures (others)
  A fungus (D:3)
1 creature vanquished.

Grand Total: 76 creatures vanquished

Notes
Turn   | Place    | Note
-------+----------+-------------------------------------------
     0 | D:1      | DogServant the Hill Orc Monk began the quest for the Orb.
     0 | D:1      | Reached XP level 1. HP: 19/19 MP: 1/1
    80 | D:1      | Reached XP level 2. HP: 23/27 MP: 2/2
   495 | D:1      | Reached XP level 3. HP: 33/33 MP: 3/3
   931 | D:2      | Reached skill level 5 in Axes
  1075 | D:2      | Found an ancient bone altar of Kikubaaqudgha.
  1131 | D:2      | Reached skill level 1 in Armour
  1131 | D:2      | Reached XP level 4. HP: 34/41 MP: 4/4
  1939 | D:3      | Reached XP level 5. HP: 34/47 MP: 5/5
  2061 | D:3      | Noticed Grinder
  2063 | D:3      | Paralysed by Grinder for 2 turns
  2254 | D:3      | Noticed Robin
  2260 | D:3      | Reached skill level 6 in Axes
  2332 | D:3      | Killed Robin
  2918 | D:3      | Slain by an orc

Illustrated notes

Levels and vault maps discovered:
D:1:      enne_arrival_octagon_isle, layout_basic, st_stairs_2
D:2:      layout_basic, kiku_gazebo_pond_becter, minmay_misc_feat_five
D:3:      layout_loops_ring, uniq_grinder, uniq_crazy_yiuf_cottage, uniq_robin

Skill      XL: |  1  2  3  4  5 |
---------------+----------------+-----
Fighting       | 4 |  4.3
Axes           | 5 6 |  6.4
Armour         | 1 2 3 |  3.1
Dodging        | |  2.5
Stealth        | |  1.5

Action                   |  1- 3 |  4- 6 || total
-------------------------+-------+-------++-------
Melee: Hand axe          |   101 |   244 ||   345
  Use: Scroll            |     1 |     4 ||     5
       Potion            |       |     2 ||     2
Armor: Robe              |    13 |       ||    13
       Chain mail        |    26 |   114 ||   140
Dodge: Dodged            |    59 |    74 ||   133

Table legend: (Time is in decaauts)
 A = Elapsed time spent in this place.
 B = Non-inter-level travel time spent in this place.
 C = Inter-level travel time spent in this place.
 D = Time resting spent in this place.
 E = Time spent auto-exploring this place.
 F = Levels seen in this place.
 G = Mean time per level.
                   A        B        C        D        E       F      G
               +--------+--------+--------+--------+--------+-----+--------+
         Total |   2926 |   2760 |    166 |    257 |   1895 |   3 |  975.3 |
       Dungeon |   2926 |   2760 |    166 |    257 |   1895 |   3 |  975.3 |
               +--------+--------+--------+--------+--------+-----+--------+

Top non-repeatable levels by time:
     D:3: 1177 daAuts
     D:2: 967 daAuts
     D:1: 781 daAuts
